 Dungeon Crawl Stone Soup version 0.18.1-48-g4cf74bf (webtiles) character file.

23 Gargoyl the Skirmisher (level 2, 0/24 HPs)
             Began as a Demonspawn Abyssal Knight on Aug 10, 2016.
             Was a Follower of Lugonu.
             Slain by Terence
             ... wielding a +0 falchion
              (3 damage)
             ... on level 2 of the Dungeon.
             The game lasted 00:03:32 (1309 turns).

Gargoyl the Skirmisher (Demonspawn Abyssal Knight)  Turns: 1309, Time: 00:03:33

Health: 0/24       AC:  8    Str: 12    XL:     2   Next: 75%
Magic:  4/4        EV:  9    Int: 13    God:    Lugonu [*.....]
Gold:   107        SH:  0    Dex: 12    Spells: 0 memorised, 1 level left

rFire  . . .     SeeInvis .     a - +1 hand axe
rCold  . . .     Gourm    .     j - +0 scale mail
rNeg   . . .     Faith    .     (no shield)
rPois  .         Spirit   .     (no helmet)
rElec  .         Dismiss  .     e - +0 cloak
rCorr  .         Reflect  .     (no gloves)
SustAt .         Harm     .     (no boots)
MR     .....                    (no amulet)
Stlth  ..........               (no ring)
                                b - ring of loudness (curse)

@: not resistant to hostile enchantments, extremely unstealthy
A: molten scales 1
a: Depart the Abyss, Renounce Religion


You were on level 2 of the Dungeon.
You worshipped Lugonu.
Lugonu was aware of your devotion.
You were not hungry.

You visited 1 branch of the dungeon, and saw 2 of its levels.
You visited the Abyss 1 time.

You collected 107 gold pieces.

Inventory:

Hand Weapons
 a - a +1 hand axe (weapon)
Missiles
 d - 37 poisoned needles
 m - 7 tomahawks (quivered)
Armour
 e - a +0 cloak (worn)
 j - a +0 scale mail (worn)
Jewellery
 b - a cursed ring of loudness (left hand)
Scrolls
 l - a scroll of identify
 o - a scroll of teleportation
Potions
 g - 2 potions of curing
 i - a potion of resistance {unknown}
 k - a potion of haste {unknown}
 n - a potion of magic {unknown}
 p - a potion of heal wounds {unknown}
 q - a potion of brilliance {unknown}
Comestibles
 c - 2 bread rations
 f - 2 meat rations
 h - a slice of pizza


   Skills:
 + Level 3.3 Fighting
 + Level 1.9 Axes
 * Level 2.2 Armour
 + Level 1.1 Dodging
 + Level 2.8 Invocations


You had one spell level left.
You didn't know any spells.

Dungeon Overview and Level Annotations

Branches:
Dungeon (2/15)

Altars:

Annotations:
D:2 Terence


Innate Abilities, Weirdness & Mutations

You are partially covered in molten scales (AC +1).


Message History

Terence is heavily wounded.
Terence hits you with a falchion.
You hit Terence.
Terence is severely wounded.
Terence hits you with a falchion.
You hit Terence but do no damage.
Terence is severely wounded.
Terence hits you with a falchion.
* * * LOW HITPOINT WARNING * * *
You barely miss Terence.
Terence is severely wounded.
Terence barely misses you.
You hit Terence but do no damage.
Terence is severely wounded.
Terence hits you with a falchion.
* * * LOW HITPOINT WARNING * * *
You hit Terence.
Terence is severely wounded.
Terence hits you with a falchion.
You die...

### #.# # #.# #. #.# ##..
#@# #....##@#### #..$....#
##.#.#### .. ..# #.#.#
####..# #..## #.#
......####...#.#.########.#
.....##..##..#.<..........#
#.#..##..##..#####.########
#...##....##.# #.#


You could see Terence.

Vanquished Creatures
  2 dart slugs (D:1)
  A giant cockroach (D:1)
  2 goblins
  2 hobgoblins (D:1)
  2 kobolds (D:1)
  5 bats
  A giant newt (D:1)
  4 rats (D:1)
19 creatures vanquished.

Notes
Turn   | Place    | Note
--------------------------------------------------------------
     0 | Abyss:1  | Gargoyl the Demonspawn Abyssal Knight began the quest for the Orb.
     0 | Abyss:1  | Reached XP level 1. HP: 18/18 MP: 2/2
    16 | Abyss:1  | Found a corrupted altar of Lugonu.
    67 | Abyss:2  | Noticed a sun demon
    73 | D:1      | Escaped the Abyss
   126 | D:1      | Reached * piety under Lugonu
   304 | D:1      | Reached skill level 1 in Dodging
   304 | D:1      | Gained mutation: You are partially covered in molten scales (AC +1). [demonic ancestry]
   304 | D:1      | Reached XP level 2. HP: 23/24 MP: 3/3
  1291 | D:2      | Noticed Terence
  1309 | D:2      | Slain by Terence

Skill      XL: |  1 |
---------------+----+-----
Armour         | 2 |  2.2
Dodging        | 1 |  1.1
Fighting       | |  3.3
Axes           | |  1.9
Invocations    | |  2.8

Action                   || total
-------------------------++-------
Melee: Hand axe          ||    59
Invok: Depart the Abyss  ||     1
  Use: Scroll            ||     6
  Eat: Chunk             ||     1
Armor: Ring mail         ||    14
       Scale mail        ||    11
Dodge: Dodged            ||    23
